 Dungeon Crawl Stone Soup version 0.17-a0-1667-g4ca74a1 (webtiles) character file.

49767 trucemop the Brawler (level 14, 133/133 HPs)
             Began as a Troll Monk on Aug 18, 2015.
             Was the Champion of Cheibriados.
             Drowned
             ... in an ice cave.
             The game lasted 01:59:43 (16901 turns).

trucemop the Brawler (Troll Monk)                  Turns: 16901, Time: 01:59:43

Health: 133/133    AC: 29    Str: 43    XL:     14   Next: 17%
Magic:  20/20      EV: 15    Int: 21    God:    Cheibriados [******]
Gold:   1953       SH:  0    Dex: 31    Spells: 0 memorised, 13 levels left

rFire  + . .     SeeInvis .       - Unarmed
rCold  + + .     Clarity  .     a - +10 shadow dragon armour "Xesus" {-Cast +Fly rElec rC++ Stlth++++}
rNeg   . . .     SustAt   .     (no shield)
rPois  .         Gourm    +     q - +2 hat
rElec  +         Spirit   +     S - +0 cloak
rCorr  .         Warding  .     (gloves unavailable)
rMut   .         Stasis   .     (boots unavailable)
MR     .....     NoCast   +     K - amulet of guardian spirit
Stlth  ++........               N - ring of protection from fire
                                A - ring "Jeclac" {MR- Str+6 Stlth-}

@: very slow, not resistant to hostile enchantments, unstealthy
A: unfitting armour, claws 3, fast metabolism 3, gourmand, regeneration 2,
shaggy fur 1, tough skin 2
a: Bend Time, Temporal Distortion, Slouch, Step From Time, Renounce Religion,
Evoke Flight


You were in an ice cave.
You worshipped Cheibriados.
Cheibriados was exalted by your worship.
You were very full.

You visited 3 branches of the dungeon, and saw 20 of its levels.
You also visited: Ice Cave.

You collected 1953 gold pieces.

Inventory:

Armour
 a - the +10 shadow dragon armour "Xesus" (worn) {-Cast +Fly rElec rC++ Stlth++++}
   (You acquired it on level 11 of the Dungeon)

   It greatly protects you from cold.
   It insulates you from electricity.
   It lets you fly.
   It prevents spellcasting.
   It makes you much more stealthy.
 q - a +2 hat (worn)
 r - a +1 storm dragon armour
 S - a +0 cloak (worn)
Jewellery
 g - the amulet of Naottin {Regen+ Int+5}
   (You acquired it on level 6 of the Lair of Beasts)

   [amulet of regeneration]

   It affects your intelligence (+5).
   It increases your rate of regeneration.
 j - an uncursed ring of fire
 m - an uncursed ring of fire
 n - an uncursed ring of flight {unknown}
 s - a +4 ring of dexterity {unknown}
 w - the ring "Ewkops" {rN++ MP+9 Int+3 Dex-5, unknown}
   (You found it in an ice cave)

   [ring of magical power]

   It affects your intelligence (+3).
   It affects your dexterity (-5).
   It greatly protects you from negative energy.
   It affects your magic capacity (+9).
 y - an uncursed amulet of faith {unknown}
 A - the ring "Jeclac" (left claw) {MR- Str+6 Stlth-}
   (You found it on level 4 of the Dungeon)

   [ring of loudness]

   It affects your strength (+6).
   It affects your resistance to hostile enchantments.
   It makes you less stealthy.
 E - an uncursed ring of protection from magic
 G - a +3 ring of strength
 K - an amulet of guardian spirit (around neck)
 N - a ring of protection from fire (right claw)
Magical devices
 h - a wand of polymorph (17)
 J - a wand of confusion (41)
 O - a wand of fire (11)
 Q - a wand of draining (4)
 R - a wand of digging (6)
 V - a wand of frost (30)
Scrolls
 e - 5 scrolls of identify
 f - 7 scrolls of remove curse
 k - 5 scrolls of recharging
 p - 4 scrolls of teleportation
 u - 3 scrolls of magic mapping
 C - 3 scrolls of enchant armour
Potions
 c - 2 potions of brilliance
 d - 11 potions of curing
 i - 2 potions of cancellation
 l - 2 potions of ambrosia
 o - 4 potions of heal wounds
 x - 3 potions of mutation
 z - 2 potions of resistance
 B - 2 potions of agility
 D - 4 potions of lignification
 H - a potion of invisibility
 M - a potion of flight
 P - a potion of magic
Miscellaneous
 t - a legendary deck of changes {the Potion}
Comestibles
 b - 16 bread rations
 v - 9 meat rations
 F - 8 beef jerkies
 L - 15 fruits
 U - 2 slices of pizza


   Skills:
 + Level 7.2 Fighting
 - Level 7.6 Armour
 + Level 7.3 Dodging
 - Level 1.1 Stealth
 * Level 17.0 Unarmed Combat
 + Level 9.7 Invocations


You had 13 spell levels left.
You didn't know any spells.

Dungeon Overview and Level Annotations

Branches:
Dungeon (11/15)            Temple (1/1) D:7            Lair (8/8) D:8
 Shoals (0/4) Lair:5        Snake (0/4) Lair:4        Slime (0/6) Lair:6
    Orc: D:9-12

Altars:
Ashenzari
Cheibriados
Dithmenos
Elyvilon
Fedhas
Gozag
Kikubaaqudgha
Makhleb
Nemelex Xobeh
Okawaru
Qazlal
Ru
Sif Muna
Trog
Vehumet
Xom
Yredelemnul
Zin
The Shining One

Shops:
D:7 !

Portals:
Trove: D:10 (give 17 scrolls of teleportation)

Annotations:
D:6 JEM123's ghost, average SpVM
Lair:6 exclusion: oklob plant


Innate Abilities, Weirdness & Mutations

You are too large for most types of armour.
You have claws for hands.
Your metabolism is lightning-fast.
You like to eat raw meat.
You heal very quickly.
You are covered in fur (AC +1).
You have very tough skin (AC +2).


Message History

Found 46 gold pieces.
Found 70 gold pieces.
You now have 1784 gold pieces (gained 22).
You now have 1796 gold pieces (gained 12).
You now have 1819 gold pieces (gained 23).
You now have 1839 gold pieces (gained 20).
You now have 1857 gold pieces (gained 18).
You now have 1871 gold pieces (gained 14).
You now have 1892 gold pieces (gained 21).
You now have 1920 gold pieces (gained 28).
You now have 1935 gold pieces (gained 15).
You now have 1953 gold pieces (gained 18).
Partly explored, can't reach some places.
Why would you want to do that?
You feel very buoyant.
You fly up into the air.
Careful!
You are starting to lose your buoyancy.
You float gracefully downwards.
You fall into the water!
You sink like a stone!
You drown...
You die...

##......#.....###
#...##.###......###
#####..###..........##
#...##.##............#
##.#....#............##
##..###.####.......##..#
##..######≈##########≈#.#
...##≈≈≈≈≈≈≈≈≈≈≈≈≈≈≈≈≈≈≈##
..##
≈≈≈≈≈≈≈≈≈≈≈@≈≈≈≈≈≈≈≈## ###
≈≈≈≈≈≈≈≈≈##≈≈≈≈≈≈≈≈≈≈#
##≈≈≈≈≈########.#≈≈###
###### ###..#≈≈≈#
##....##≈## #..##.#### #
##..### ## ##..## .##
##..#


There were no monsters in sight!

Vanquished Creatures
  Kirke (Lair:5)
  Maud (Lair:5)
  2 ice dragons (IceCv)
  5 hydras
  The ghost of ifoci the Cleaver, a powerful GrFi of Makhleb (D:11)
  4 death yaks
  The ghost of dualclasshuman the Nimble, an experienced DDBe of Trog (D:10)
  Urug (Lair:4)
  Nergalle (Lair:2)
  The ghost of JEM123 the Nimble, an experienced SpAs of Nemelex Xobeh (IceCv)
  2 ice statues (IceCv)
  3 hill giants
  2 griffons
  A cyclops (D:11)
  2 oklob plants
  3 elephants (Lair:5)
  A manticore (Lair:5)
  Maurice (D:9)
  2 black mambas
  Joseph (D:9)
  Psyche (D:8)
  A torpor snail (Lair:5)
  9 spiny frogs
  3 komodo dragons
  3 fire drakes
  2 trolls
  2 polar bears
  A two-headed ogre (D:10)
  Grinder (D:6)
  Prince Ribbit (D:9)
  10 blink frogs
  2 slime creatures (Lair:6)
  3 wyverns
  33 yaks
  A hungry ghost (D:9)
  A basilisk (Lair:4)
  9 hippogriffs
  Menkaure (D:5)
  A hog (Lair:5)
  27 wolves
  A naga (Lair:4)
  5 orc warriors
  9 water moccasins
  20 ice beasts
  An ogre (D:6)
  A black bear (D:10)
  3 necrophages
  The ghost of braveplatypus the Skirmisher, an average DrFi (D:3)
  3 porcupines
  6 sky beasts
  An eye of draining (D:10)
  A phantom (D:7)
  11 crocodiles
  A brain worm (Lair:4)
  A big kobold (D:8)
  5 centaurs
  19 giant frogs
  A wyvern skeleton (D:11)
  5 scorpions
  2 electric eels
  10 killer bees
  5 wights (D:10)
  5 crimson imps
  3 giant frog zombies
  A centaur skeleton (D:5)
  2 centaur zombies
  12 iguanas
  10 jellies
  10 orc priests
  4 orc wizards
  11 worker ants
  Jessica (D:2)
  2 hounds
  A hell rat (Lair:6)
  8 sheep
  3 hound skeletons
  3 hound zombies
  13 adders
  65 river rats
  3 gnolls (D:6)
  12 white imps (Lair:8)
  A shadow imp (D:9)
  3 oozes
  4 worms
  An adder skeleton (D:8)
  38 orcs
  A ball python (D:5)
  5 bats
  3 giant cockroaches
  4 hobgoblins
  19 jackals
  3 quokkas
  5 giant geckos
  5 giant newts
  11 goblins
  14 kobolds
  14 rats
  3 fungi
  A plant (Lair:4)
564 creatures vanquished.

Vanquished Creatures (others)
  5 humans (Lair:5)
  16 fungi
  8 plants
29 creatures vanquished.

Grand Total: 593 creatures vanquished

Notes
Turn   | Place    | Note
--------------------------------------------------------------
     0 | D:1      | trucemop the Troll Monk began the quest for the Orb.
     0 | D:1      | Reached XP level 1. HP: 22/22 MP: 0/0
    97 | D:1      | Reached XP level 2. HP: 29/29 MP: 1/1
   373 | D:1      | Reached skill level 5 in Unarmed Combat
   439 | D:1      | Reached XP level 3. HP: 36/36 MP: 2/2
   705 | D:2      | Found a white marble altar of Elyvilon.
   813 | D:2      | Noticed Jessica
   816 | D:2      | Killed Jessica
   878 | D:2      | Reached XP level 4. HP: 42/44 MP: 3/3
  1017 | D:2      | Found a blossoming altar of Fedhas.
  1408 | D:3      | Noticed braveplatypus's ghost (average DrFi)
  1410 | D:3      | Reached skill level 6 in Unarmed Combat
  1441 | D:3      | Killed braveplatypus's ghost
  1441 | D:3      | Reached XP level 5. HP: 45/50 MP: 4/4
  1663 | D:3      | Reached skill level 7 in Unarmed Combat
  1699 | D:3      | Reached XP level 6. HP: 29/59 MP: 5/5
  2048 | D:3      | Reached skill level 8 in Unarmed Combat
  2237 | D:4      | Reached skill level 1 in Armour
  2319 | D:4      | Reached XP level 7. HP: 60/66 MP: 6/6
  2707 | D:4      | Got a shimmering turquoise ring
  2712 | D:4      | Identified the ring "Jeclac" {MR- Str+6 Stlth-} (You found it on level 4 of the Dungeon)
  2844 | D:4      | Found a sparkling altar of Nemelex Xobeh.
  3087 | D:5      | Entered Level 5 of the Dungeon
  3236 | D:5      | Reached skill level 9 in Unarmed Combat
  3478 | D:5      | Reached XP level 8. HP: 65/74 MP: 7/7
  3583 | D:5      | Noticed Menkaure
  3591 | D:5      | Killed Menkaure
  3768 | D:6      | You fall through a shaft!
  3828 | D:6      | Noticed JEM123's ghost (average SpVM)
  4348 | D:6      | Noticed Grinder
  4348 | D:6      | Paralysed by Grinder for 4 turns
  4357 | D:6      | Paralysed by Grinder for 7 turns
  4400 | D:6      | Killed Grinder
  4400 | D:6      | Reached skill level 5 in Armour
  4400 | D:6      | Reached skill level 10 in Unarmed Combat
  4962 | D:7      | Found a staircase to the Ecumenical Temple.
  4974 | Temple   | Entered the Ecumenical Temple
  4984 | Temple   | Became a worshipper of Cheibriados the Contemplative
  4984 | Temple   | Acquired Cheibriados's first power
  5051 | D:7      | Reached XP level 9. HP: 80/80 MP: 8/8
  5085 | D:7      | Got a heavy robe
  5105 | D:7      | Reached skill level 1 in Invocations
  5263 | D:7      | Noticed a troll
  5273 | D:7      | Killed a troll
  5300 | D:7      | Found Xuaf Sid's Distillery.
  5390 | D:7      | Reached skill level 11 in Unarmed Combat
  5766 | D:7      | Acquired Cheibriados's second power
  6435 | D:8      | Found a staircase to the Lair.
  6753 | D:8      | Reached XP level 10. HP: 88/88 MP: 11/11
  6869 | D:8      | Found a burning altar of Makhleb.
  6960 | D:8      | Acquired Cheibriados's third power
  7169 | D:8      | Identified the cursed +0 robe of the Clam {Str+4} (You found it on level 7 of the Dungeon)
  7199 | D:9      | Noticed Psyche
  7207 | D:8      | Paralysed by Psyche for 3 turns
  7214 | D:8      | Killed Psyche
  7214 | D:8      | Reached skill level 12 in Unarmed Combat
  7468 | D:9      | Noticed Prince Ribbit
  7479 | D:9      | Killed Prince Ribbit
  7517 | D:9      | Found a stormy altar of Qazlal.
  7524 | D:9      | Found a shattered altar of Ashenzari.
  7559 | D:9      | Noticed Joseph
  7572 | D:9      | Killed Joseph
  7591 | D:9      | Noticed Maurice
  7604 | D:9      | Killed Maurice
  8036 | D:10     | Entered Level 10 of the Dungeon
  8136 | D:10     | Reached skill level 13 in Unarmed Combat
  8272 | D:10     | Noticed a hill giant
  8277 | D:10     | Killed a hill giant
  8277 | D:10     | Reached skill level 5 in Invocations
  8304 | D:10     | Noticed dualclasshuman's ghost (experienced DDBe)
  8324 | D:10     | Killed dualclasshuman's ghost
  8324 | D:10     | Reached XP level 11. HP: 74/94 MP: 5/14
  8345 | D:10     | Acquired Cheibriados's fourth power
  8449 | D:10     | Found a portal to a secret trove of treasure.
  8907 | D:11     | Noticed a hill giant
  8919 | D:11     | Killed a hill giant
  9259 | D:11     | Noticed a hill giant
  9262 | D:11     | Killed a hill giant
  9364 | D:11     | Noticed ifoci's ghost (powerful GrFi)
  9386 | D:11     | Killed ifoci's ghost
  9386 | D:11     | Reached skill level 14 in Unarmed Combat
  9624 | D:11     | Identified a scroll of acquirement
  9625 | D:11     | Got a scorched shadow dragon armour
  9636 | D:11     | Identified the +10 shadow dragon armour "Xesus" {-Cast +Fly rElec rC++ Stlth++++} (You acquired it on level 11 of the Dungeon)
  9804 | Lair:1   | Entered Level 1 of the Lair of Beasts
 10305 | Lair:1   | Noticed a five-headed hydra
 10319 | Lair:1   | Killed an eight-headed hydra
 10319 | Lair:1   | Reached XP level 12. HP: 89/107 MP: 9/16
 10858 | Lair:2   | Noticed Nergalle
 10866 | Lair:2   | Killed Nergalle
 10895 | Lair:2   | Reached skill level 15 in Unarmed Combat
 10908 | Lair:2   | Reached skill level 5 in Dodging
 10919 | Lair:2   | Reached skill level 5 in Fighting
 11455 | Lair:2   | Noticed an eight-headed hydra
 11460 | Lair:2   | Killed a ten-headed hydra
 11913 | Lair:3   | Noticed a four-headed hydra
 11970 | Lair:2   | Killed a nine-headed hydra
 12311 | Lair:3   | Reached XP level 13. HP: 109/119 MP: 16/18
 12971 | Lair:4   | Found a staircase to the Snake Pit.
 13263 | Lair:4   | Noticed Urug
 13273 | Lair:4   | Killed Urug
 13980 | Lair:5   | Noticed Kirke
 14007 | Lair:5   | Killed Kirke
 14165 | Lair:5   | Reached skill level 16 in Unarmed Combat
 14194 | Lair:5   | Found a staircase to the Shoals.
 14490 | Lair:5   | Noticed Maud
 14499 | Lair:5   | Killed Maud
 14846 | Lair:6   | Found a staircase to the Slime Pits.
 14933 | Lair:6   | Got a clouded silver amulet
 14935 | Lair:6   | Identified the amulet of Naottin {Regen+ Int+5} (You acquired it on level 6 of the Lair of Beasts)
 16471 | Lair:8   | Entered Level 8 of the Lair of Beasts
 16535 | Lair:8   | Found a frozen archway.
 16566 | Lair:8   | Reached XP level 14. HP: 107/133 MP: 15/20
 16573 | IceCv    | Entered an ice cave
 16607 | IceCv    | Noticed JEM123's ghost (experienced SpAs)
 16624 | IceCv    | Killed JEM123's ghost
 16672 | IceCv    | Reached skill level 17 in Unarmed Combat
 16774 | IceCv    | Got a clouded glass ring
 16901 | IceCv    | Drowned

Vault maps used:
D:1:      lightli_molten_gateway, st_stairs_12
D:2:      overflow_temple_1_default, fedhas_altar_1, first_bread, uniq_jessica
D:4:      nemelex_xobeh_ov_fountains_minmay
D:5:      minmay_misc_feat_tiny, uniq_menkaure
D:6:      uniq_grinder
D:7:      minmay_temple_entry_butterflies, serial_shops, shop
D:8:      makhleb_heckhound_becter, dpeg_oklobed_lair,
          nicolae_ossuary_entry_plus
D:9:      ashenzari_conservatory_becter, grunt_qazlal_clouds,
          uniq_prince_ribbit1, uniq_joseph, uniq_psyche, uniq_maurice
D:10:     trove_entry_hex_spiral
Temple:   nicolae_temple_god_jail
Lair:1:   hangedman_lair_unloving_vines
Lair:2:   nicolae_quartered_pool_medium, uniq_nergalle
Lair:4:   minmay_lair_oklob_items, guppyfry_snake_entry_island, uniq_urug
Lair:5:   minmay_shoals_entry_beasts, serial_bayou_pond_d, uniq_kirke, uniq_maud
Lair:6:   kennysheep_abandoned_house, minmay_slime_entry_pillars,
          serial_bayou_ford_a, grunt_forest_stairs_basic, st_stairs_12,
          lemuel_fruit_fields
Lair:7:   grunt_megastairs_1
Lair:8:   due_jungle_book, lab_entry_generic, portal_ice_cave_entry_imps,
          grunt_megastairs_3, infiniplex_staircase_pool_2
IceCv:    ice_cave_small_dragons

Action                   |  1- 3 |  4- 6 |  7- 9 | 10-12 | 13-15 || total
-------------------------+-------+-------+-------+-------+-------++-------
Melee: Unarmed           |    75 |   185 |   300 |   534 |   430 ||  1524
Invok: Bend Time         |       |       |       |     5 |     3 ||     8
       Slouch            |       |       |       |     3 |       ||     3
 Abil: Evoke Flight      |       |       |       |       |     1 ||     1
  Use: Scroll            |       |       |    18 |    15 |     6 ||    39
       Potion            |       |       |       |     3 |     2 ||     5
 Stab: Sleeping          |       |     1 |       |     1 |     5 ||     7
       Distracted        |       |       |       |     2 |     2 ||     4
  Eat: Chunk             |    13 |    14 |    33 |    45 |    30 ||   135
       Pizza             |       |       |       |       |     2 ||     2
